 Dungeon Crawl Stone Soup version 0.20.0-15-g7f486f2 (webtiles) character file.

4133 Monsterracer the Basher (level 10, -5/61 HPs)
             Began as a Gargoyle Fighter on June 10, 2017.
             Was a Believer of Zin.
             Slain by a two-headed ogre
             ... wielding a +0 giant club
              (24 damage)
             ... on level 8 of the Dungeon.
             The game lasted 00:17:50 (8899 turns).

Monsterracer the Basher (Gargoyle Fighter)          Turns: 8899, Time: 00:17:50

Health: -5/61      AC: 25    Str: 20    XL:     10   Next: 27%
Magic:  12/12      EV:  7    Int: 13    God:    Zin [**....]
Gold:   22         SH: 10    Dex: 12    Spells: 9/9 levels left

rFire    . . .     SeeInvis .   a - +0 flail
rCold    . . .     Gourm    .   c - +0 shield
rNeg     + . .     Faith    .   o - +4 chain mail of Loss {Int+4}
rPois    ∞         Spirit   .   (no helmet)
rElec    +         Reflect  .   k - +2 cloak
rCorr    +         Harm     .   (no gloves)
MR       .....                  (no boots)
Stlth    ..........             l - amulet of rage
Regen    0.2/turn               p - ring of resist corrosion
MPRegen  0.2/turn               (no ring)

@: no status effects
A: negative energy resistance 1, screaming 1, shaggy fur 1, electricity
resistance, unbreathing, petrification resistance, rot immunity, AC +7
a: Recite, Vitalisation, Donate Gold, Renounce Religion, Evoke Berserk Rage


You were on level 8 of the Dungeon.
You worshipped Zin.
Zin was pleased with you.
You were very hungry.

You visited 1 branch of the dungeon, and saw 8 of its levels.

You collected 320 gold pieces.
You spent 266 gold pieces at shops.
You donated 32 gold pieces to Zin.

Inventory:

Hand Weapons
 a - a +0 flail (weapon)
Armour
 c - a +0 shield (worn)
 k - a +2 cloak (worn)
 m - a +0 chain mail of cold resistance
 o - the +4 chain mail of Loss (worn) {Int+4}
   (You bought it in a shop on level 7 of the Dungeon)

   It affects your intelligence (+4).
Jewellery
 l - an amulet of rage (around neck)
 p - a ring of resist corrosion (left hand)
Wands
 u - a wand of iceblast (7/15)
Scrolls
 g - a scroll of amnesia
 h - 3 scrolls of enchant armour
 i - 5 scrolls of remove curse
 j - 6 scrolls of teleportation
 r - 3 scrolls of identify
 s - 3 scrolls of recharging
Potions
 b - 2 potions of heal wounds
 d - 2 potions of flight
 e - 4 potions of curing
 t - a potion of cancellation
Books
 v - a book of Battle

   Spells                             Type                      Level
   a - Infusion                       Charms                       1
   b - Shroud of Golubria             Charms/Translocation         2
   c - Song of Slaying                Charms                       2
   d - Spectral Weapon                Hexes/Charms                 3
   e - Regeneration                   Charms/Necromancy            3
Comestibles
 f - 7 bread rations
 n - 4 meat rations
 q - 4 fruits


   Skills:
 + Level 6.4 Fighting
 * Level 10.7 Maces & Flails
 + Level 6.4 Armour
 + Level 2.7 Dodging
 + Level 6.1 Shields
 + Level 3.8 Invocations


You had 9 spell levels left.
You didn't know any spells.

Dungeon Overview and Level Annotations

Branches:
Dungeon (8/15)             Temple (0/1) D:5
   Lair: D:8-11

Altars:
Cheibriados
Fedhas
Hepliaklqana
Kikubaaqudgha
Nemelex Xobeh
Sif Muna
Uskayaw
Vehumet
Yredelemnul
Zin
The Shining One

Shops:
D:5 *   D:7 [


Innate Abilities, Weirdness & Mutations

You are resistant to torment.
Your stone body is resilient. (AC +7)
You are immune to poison.
You resist negative energy. (rN+)
You are resistant to electric shocks. (rElec)
You can survive without breathing.
You are immune to petrification.
You are immune to rotting.
You occasionally shout uncontrollably at your foes.
You are covered in fur. (AC +1)


Message History

The two-headed ogre hits you but does no damage.
You barely miss the two-headed ogre.
The two-headed ogre is heavily wounded.
The two-headed ogre hits you but does no damage. x2
You thump the two-headed ogre!
The two-headed ogre is severely wounded.
The two-headed ogre hits you but does no damage.
The two-headed ogre hits you with a giant club.
* * * LOW HITPOINT WARNING * * *
You sock the two-headed ogre!
The two-headed ogre is almost dead.
You closely miss the two-headed ogre.
The two-headed ogre is almost dead.
The two-headed ogre hits you but does no damage.
The two-headed ogre hits you with a giant club.
* * * LOW HITPOINT WARNING * * *
You hit the two-headed ogre.
The two-headed ogre is almost dead.
The two-headed ogre hits you with a giant club!!
You die...

#......# ######.....#
#......# #.......####
#......#######.#####.#
#..............# #.#
#####.##.####..# #.#
####.##.#.....## #.#
#..............# #.#
#.##.##.#.####.####.#
# #.##.#@#...<...#.#
#....#O#.##.##.#
########.####.# ..# #
# #.....##....#.# ####
. #.###.##.##.#.# .
#.# #.##....#.# .###.#
#.....#.#.# .....#
#####.###.# ######
#.....#


You could see a two-headed ogre.

Vanquished Creatures
  Grinder (D:3)
  Sigmund (D:3)
  An orc warrior (D:7)
  3 phantoms
  A black bear (D:6)
  4 sky beasts
  5 ogres
  3 centaurs
  2 big kobolds
  4 bullfrogs
  2 scorpions
  7 howler monkeys
  4 crimson imps
  A hound (D:7)
  2 jellies
  6 orc priests
  2 bullfrog zombies (D:6)
  3 centaur skeletons
  11 orc wizards
  A bullfrog skeleton (D:4)
  2 iguanas
  Jessica (D:3)
  Natasha (thrice) (D:2)
  5 worker ants
  2 hound zombies
  2 hound skeletons
  A howler monkey zombie (D:7)
  A worker ant zombie (D:6)
  3 gnolls
  2 howler monkey skeletons
  6 adders
  2 shadow imps
  3 oozes
  2 worms
  3 dart slugs (D:3)
  4 leopard geckos
  25 orcs
  3 giant cockroaches
  9 hobgoblins
  14 jackals
  18 kobolds
  4 quokkas
  10 bats
  5 frilled lizards
  11 goblins
  A leopard gecko zombie (D:5)
  4 rats
  A spectral orc (D:6)
211 creatures vanquished.

Vanquished Creatures (others)
  An orc wizard (D:4)
1 creature vanquished.

Grand Total: 212 creatures vanquished

Notes
Turn   | Place    | Note
-------+----------+-------------------------------------------
     0 | D:1      | Monsterracer the Gargoyle Fighter began the quest for the Orb.
     0 | D:1      | Reached XP level 1. HP: 14/14 MP: 1/1
   280 | D:1      | Reached XP level 2. HP: 19/19 MP: 2/2
   816 | D:1      | Reached skill level 3 in Maces & Flails
  1116 | D:2      | Noticed Natasha
  1150 | D:2      | Noticed a crimson imp
  1173 | D:2      | Noticed a crimson imp
  1186 | D:2      | Killed Natasha
  1186 | D:2      | Reached XP level 3. HP: 16/23 MP: 3/3
  1328 | D:2      | Reached skill level 4 in Maces & Flails
  1446 | D:2      | Noticed Natasha
  1453 | D:2      | Killed Natasha
  1453 | D:2      | Reached XP level 4. HP: 26/28 MP: 4/4
  1967 | D:2      | Found a radiant altar of Vehumet.
  2081 | D:2      | Noticed Natasha
  2092 | D:2      | Killed Natasha
  2092 | D:2      | Reached skill level 5 in Maces & Flails
  2092 | D:2      | Reached XP level 5. HP: 32/32 MP: 5/5
  2116 | D:3      | Noticed Grinder
  2134 | D:3      | Paralysed by Grinder for 4 turns
  2141 | D:3      | Killed Grinder
  2141 | D:3      | Reached skill level 6 in Maces & Flails
  2141 | D:3      | Reached XP level 6. HP: 13/37 MP: 6/6
  2447 | D:3      | Found a hide-covered altar of Uskayaw.
  2772 | D:3      | Reached skill level 7 in Maces & Flails
  2838 | D:3      | Noticed Sigmund
  2866 | D:3      | Killed Sigmund
  2866 | D:3      | Reached XP level 7. HP: 24/41 MP: 7/7
  2869 | D:3      | Gained mutation: You occasionally shout uncontrollably at your foes. [potion of mutation]
  2869 | D:3      | Gained mutation: You are covered in fur. (AC +1) [potion of mutation]
  3033 | D:3      | Noticed Jessica
  3038 | D:3      | Killed Jessica
  3038 | D:3      | Reached skill level 8 in Maces & Flails
  3487 | D:3      | Found a glowing golden altar of the Shining One.
  3505 | D:3      | Found a snail-covered altar of Cheibriados.
  3595 | D:3      | Found a deep blue altar of Sif Muna.
  3814 | D:4      | Reached XP level 8. HP: 46/46 MP: 8/8
  4075 | D:4      | Reached skill level 9 in Maces & Flails
  4333 | D:4      | Found a glowing silver altar of Zin.
  4507 | D:4      | Found a hazy altar of Hepliaklqana.
  4507 | D:4      | Found an ancient bone altar of Kikubaaqudgha.
  4538 | D:5      | Entered Level 5 of the Dungeon
  4703 | D:5      | Found a sparkling altar of Nemelex Xobeh.
  4982 | D:5      | Paralysed by fainting for 9 turns
  4996 | D:5      | Got a transparent scimitar
  5039 | D:5      | Paralysed by fainting for 6 turns
  5065 | D:5      | Found a staircase to the Ecumenical Temple.
  5174 | D:5      | Found Bete's General Store.
  5274 | D:4      | Became a worshipper of Zin the Law-Giver
  5274 | D:4      | Reached * piety under Zin
  5418 | D:6      | Reached skill level 5 in Armour
  5418 | D:6      | Reached skill level 5 in Shields
  5418 | D:6      | Reached XP level 9. HP: 45/53 MP: 9/9
  5632 | D:5      | Reached skill level 1 in Invocations
  5655 | D:5      | Reached skill level 1 in Dodging
  5663 | D:5      | Identified the +5 scimitar of the Ancients {freeze, rC- rN++ Str+4 Stlth+} (You found it on level 5 of the Dungeon)
  5828 | D:5      | Reached skill level 5 in Fighting
  6376 | D:6      | Reached skill level 10 in Maces & Flails
  6467 | D:6      | Found a basalt altar of Yredelemnul.
  7657 | D:7      | Reached ** piety under Zin
  7678 | D:7      | Reached XP level 10. HP: 60/60 MP: 12/12
  7729 | D:7      | Found a blossoming altar of Fedhas.
  8172 | D:7      | Found Vezeigav's Antique Armour Emporium.
  8175 | D:7      | Bought a transparent chain mail for 266 gold pieces
  8185 | D:7      | Identified the +4 chain mail of Loss {Int+4} (You bought it in a shop on level 7 of the Dungeon)
  8614 | D:8      | Noticed a two-headed ogre
  8899 | D:8      | Slain by a two-headed ogre

Skill      XL: |  1  2  3  4  5  6  7  8  9 10 |
---------------+-------------------------------+-----
Maces & Flails | 3 4 5 6 7 8 9 10 | 10.7
Armour         | 5 6 |  6.4
Fighting       | 4 6 |  6.4
Shields        | 5 6 |  6.1
Invocations    | 3 |  3.8
Dodging        | 2 |  2.7

Action                   |  1- 3 |  4- 6 |  7- 9 | 10-12 || total
-------------------------+-------+-------+-------+-------++-------
Melee: Flail             |   152 |   228 |   691 |   203 ||  1274
Invok: Recite            |       |       |     1 |       ||     1
  Use: Potion            |     5 |     3 |     4 |       ||    12
       Scroll            |       |       |    12 |       ||    12
  Eat: Chunk             |     2 |     5 |    15 |     3 ||    25
       Fruit             |       |       |     2 |       ||     2
Armor: Scale mail        |    12 |       |       |       ||    12
       Plate armour      |    82 |   252 |   471 |    55 ||   860
       Chain mail        |       |       |       |   113 ||   113
Dodge: Dodged            |    25 |    45 |    83 |    62 ||   215
Block: Shield            |    81 |   145 |   292 |   147 ||   665
